AoeStats
← kable.xpress

Arabia

509019473Analyzed
1v1 RM · 8d ago on Sep 25, 2026· 40m 2s· 2 players
Game mode
Random Map
Map size
Tiny (2 player)
Population
200
Speed
Normal
Resources
Standard
Victory
Conquest
Starting age
Dark Age
Ending age
Imperial Age
RankedLock teamsTeams togetherTeam positionsShared explorationLock speedFull tech treeHidden civsTurbo modeCheats
Victory
Defeat
🇨🇳 Saxons · China
2224
+13
🇦🇷 Varangians · Argentina
2149
-13
kable.xpress
7:05 Loom
9:12 Feudal Age
9:58 Double-Bit Axe
10:27 Horse Collar
19:33 Castle Age
17:58 Gold Mining
21:16 Wheelbarrow
25:59 Husbandry
27:27 Town Watch
31:25 Imperial Age
30:49 Bow Saw
30:59 Light Cavalry
31:50 Forging
33:07 Conscription
35:13 Scale Barding Armor
36:19 Chain Barding Armor
36:23 Bloodlines
37:45 Plate Barding Armor
猪咪
6:15 Loom
8:35 Feudal Age
9:41 Double-Bit Axe
11:35 Horse Collar
18:46 Castle Age
17:00 Gold Mining
20:29 Bow Saw
20:21 Heavy Plow
24:35 Sanctity
24:47 Stone Mining
27:51 Crossbowman
29:00 Redemption
34:00 Imperial Age
31:34 Fletching
32:37 Bodkin Arrow
34:11 Wheelbarrow
34:10 Padded Archer Armor
34:45 Bracer
35:22 Wheelbarrow
35:27 Theocracy
35:52 Block Printing
36:51 Theocracy
37:22 Chemistry
36:42 Ballistics
36:29 Arbalester
38:32 Pikeman
39:12 Squires
Connection lost

Rejoining the realm…

Still unreachable

The connection could not be restored.

Session expired

The server has moved on; the page needs a fresh start.